 Dungeon Crawl Stone Soup version 0.28-a0-114-g2bf3c13a2f (webtiles) character file.

Game seed: 11376895381960471000

22 lunkers the Magician (level 3, -1/27 HPs)
             Began as a Djinni Earth Elementalist on Aug 12, 2021.
             Slain by a goblin (2 damage)
             ... led by Robin
             ... on level 2 of the Dungeon.
             The game lasted 00:01:53 (1286 turns).

lunkers the Magician (Djinni Earth Elementalist)    Turns: 1286, Time: 00:01:54

Health: -1/27      AC:  3    Str:  7    XL:     3   Next: 7%
Gold:   46         EV: 12    Int: 17    God:
                   SH:  0    Dex: 13

rFire   + + .      SeeInvis .   (no weapon)
rCold   x . .      Faith    .   (no shield)
rNeg    . . .      Spirit   .   b - +0 robe
rPois   ∞          Reflect  .   g - +0 helmet
rElec   .          Harm     .   (no cloak)
rCorr   .          Rampage  .   (no gloves)
Will    .....                   (boots unavailable)
Stlth   ++........              (no amulet)
HPRegen 0.09/turn               (no ring)
MPRegen 0.00/turn               (no ring)

@: flying, very slightly contaminated
A: sickness immunity, fire resistance 2, cold vulnerability 1, float, innate
caster, hp casting, extra vitality 1
a: no special abilities


You were on level 2 of the Dungeon.
You visited 1 branch of the dungeon, and saw 2 of its levels.

You collected 46 gold pieces.

Inventory:

Missiles
 c - 55 stones
Armour
 b - a +0 robe (worn)
 g - a +0 helmet (worn)
Scrolls
 a - a scroll of enchant armour {unknown}
 e - a scroll of identify
 f - a scroll of blinking {unknown}
 h - a scroll of holy word {unknown}
Potions
 d - 3 potions of curing
 i - a potion of ambrosia {unknown}


   Skills:
 + Level 1.1 Fighting
 - Level 2.1 Dodging
 - Level 1.5 Stealth
 * Level 3.0 Spellcasting


You couldn't memorise any spells.
You knew the following spells:

 Your Spells              Type           Power      Damage    Failure   Level
a - Sandblast             Erth           24%        2d8       4%          1
b - Passwall              Tmut/Erth      10%        N/A       8%          2
c - Stone Arrow           Conj/Erth      24%        3d8       16%         3
d - Petrify               Tmut/Erth      12%        N/A       45%         4
e - Animate Skeleton      Necr           24%        N/A       4%          1
Your spell library was empty.

Dungeon Overview and Level Annotations

Branches:
Dungeon (2/15)

Altars:

Annotations:
D:2 Robin


Innate Abilities, Weirdness & Mutations

You are immune to sickness and miasma.
You are immune to poison.
Your flesh is very heat resistant. (rF++)
You are vulnerable to cold. (rC-)
You float through the air rather than walking.
You learn spells naturally, not from books.
Your magical power is your life essence.
You have superior vitality. (+4 HP)


Message History

The goblin misses you. The goblin barely misses you.
Robin roars a battlecry!
The goblins go into a battle-frenzy!
Unknown command.
As you read the scroll labelled WEIVVA NODAICILUAF, it crumbles to dust.
It is a scroll of identify.
d - 3 potions of curing The goblin shouts!
The hobgoblin hits you.
* * * LOW HITPOINT WARNING * * *
The goblin barely misses you. The goblin misses you. x2
Casting: Sandblast (safe; 4% risk of failure)
Confirm with . or Enter, or press ? or * to list all spells.
Okay, then.
Casting: Sandblast (safe; 4% risk of failure)
Confirm with . or Enter, or press ? or * to list all spells.
Aiming: Sandblast (safe; 4% risk of failure)
Press: ? - help, Shift-Dir - straight line, f - goblin
Aim: a goblin, wielding a +0 club (heavily wounded, strong, 74% to hit)
You miscast Sandblast.
You are very lightly contaminated with residual magic.
Nothing appears to happen.
* * * LOW HITPOINT WARNING * * *
The hobgoblin closely misses you. The goblin closely misses you.
A hobgoblin comes into view.
The goblin hits you with a +0 dagger.
* * * LOW HITPOINT WARNING * * *
The goblin hits you with a +0 club.
* * * LOW HITPOINT WARNING * * *
Casting: Sandblast (safe; 4% risk of failure)
Confirm with . or Enter, or press ? or * to list all spells.
Aiming: Sandblast (safe; 4% risk of failure)
Press: ? - help, Shift-Dir - straight line, f/p - goblin
Aim: a goblin, wielding a +0 club (heavily wounded, strong, 74% to hit)
The blast of sand hits the goblin!
You kill the goblin!
* * * LOW HITPOINT WARNING * * *
The goblin closely misses you. The hobgoblin closely misses you.
The goblin hits you with a +0 dagger.
You die...

###.............. ..
#####...#.........###:#
##.....##.....)........#.
#...........##...........
..####.#.####.......# #
#......# ##.##.##......
#.....####..##.# #....
##..........gg#g##...###
#...........)@ggggg.....
#.....#########gg..#####
####.....# #....#
.........# #..#..#
....#....# ....#.#
...####### ...=..... ...#
.........# ...#
##...###..# ...#


You could see Robin, 3 hobgoblins and 6 goblins.

Vanquished Creatures
  3 bats
  2 endoplasms (D:1)
  A giant cockroach (D:1)
  3 goblins
  2 hobgoblins (D:1)
  2 kobolds
  4 ball pythons (D:1)
  2 frilled lizards
19 creatures vanquished.

Notes
Turn   | Place    | Note
-------+----------+-------------------------------------------
     0 | D:1      | lunkers the Djinni Earth Elementalist began the quest for
                  | the Orb.
     0 | D:1      | Reached XP level 1. HP: 15/15 MP: 0/0
   384 | D:1      | Reached XP level 2. HP: 13/22 MP: 0/0
   683 | D:1      | Reached skill level 1 in Fighting
  1163 | D:2      | Reached XP level 3. HP: 25/27 MP: 0/0
  1163 | D:2      | Learned a level 1 spell: Animate Skeleton
  1236 | D:2      | Reached skill level 3 in Spellcasting
  1275 | D:2      | Noticed Robin
  1286 | D:2      | Slain by a goblin

Illustrated notes

Levels and vault maps discovered:
D:1:      scummos_arrival_checkerplants, layout_loops_ring, minmay_bisected
D:2:      layout_rooms, hellmonk_ecumenical_altar_leap_of_faith, uniq_robin

Skill      XL: |  1  2  3 |
---------------+----------+-----
Fighting       | 1 |  1.1
Spellcasting   | 3 |  3.0
Dodging        | |  2.1
Stealth        | |  1.5

Action                   || total
-------------------------++-------
Melee: Unarmed           ||     5
 Cast: Sandblast         ||    39
  Use: Scroll            ||     1
Armor: Robe              ||     6
Dodge: Dodged            ||    29

Table legend: (Time is in decaauts)
 A = Elapsed time spent in this place.
 B = Non-inter-level travel time spent in this place.
 C = Inter-level travel time spent in this place.
 D = Time resting spent in this place.
 E = Time spent auto-exploring this place.
 F = Levels seen in this place.
 G = Mean time per level.
                   A        B        C        D        E       F      G
               +--------+--------+--------+--------+--------+-----+--------+
         Total |   1285 |   1269 |     16 |      0 |   1160 |   2 |  642.5 |
       Dungeon |   1285 |   1269 |     16 |      0 |   1160 |   2 |  642.5 |
               +--------+--------+--------+--------+--------+-----+--------+

Top non-repeatable levels by time:
     D:1: 1135 daAuts
     D:2: 150 daAuts
